 Dungeon Crawl Stone Soup version 0.28.0 (webtiles) character file.

Game seed: 2590514612504896517

119 freelancePsychic the Skirmisher (level 5, -2/41 HPs)
             Began as a Djinni Cinder Acolyte on Feb 4, 2022.
             Was a High Priest of Ignis.
             Slain by a bullfrog skeleton (3 damage)
             ... on level 3 of the Dungeon.
             The game lasted 00:02:58 (2632 turns).

freelancePsychic the Skirmisher (DjCA)              Turns: 2632, Time: 00:02:59

Health: -2/41      AC:  2    Str: 15    XL:     5   Next: 24%
Gold:   24         EV: 12    Int: 18    God:    Ignis [*****.] SH:  0 Dex:  8

rFire   + + +      SeeInvis .   a - -1 short sword (flame)
rCold   x . .      Faith    .   (no shield)
rNeg    . . .      Spirit   .   b - +0 robe
rPois   ∞          Reflect  .   (no helmet)
rElec   +          Harm     .   (no cloak)
rCorr   .          Rampage  .   (no gloves)
Will    .....                   (boots unavailable)
Stlth   +.........              (no amulet)
HPRegen 0.13/turn               (no ring)
MPRegen 0.00/turn               (no ring)

@: brilliant, flying
A: sickness immunity, fire resistance 2, cold vulnerability 1, float, innate
caster, HP casting, extra vitality 1, mutation resistance 1, electricity
resistance, strong 1
a: Renounce Religion, Fiery Armour, Foxfire Swarm, Rising Flame


You were on level 3 of the Dungeon.
You worshipped Ignis.
Ignis was extremely pleased with you.
You visited 1 branch of the dungeon, and saw 3 of its levels.

You collected 49 gold pieces.
You spent 25 gold pieces at shops.

Inventory:

Hand Weapons
 a - a -1 short sword of flaming (weapon)
Armour
 b - a +0 robe (worn)
Scrolls
 e - a scroll of fog {unknown}
 g - 2 scrolls of identify {unknown}
 j - a scroll of magic mapping {unknown}
 k - a scroll of vulnerability {unknown}
Potions
 c - a potion of mutation
 d - a potion of invisibility {unknown}
 f - a potion of heal wounds {unknown}
 h - a potion of flight {unknown}


   Skills:
 + Level 3.7 Fighting
 - Level 2.6 Short Blades
 + Level 2.2 Dodging
 * Level 3.4 Spellcasting


You had 5 spell levels left.
You knew the following spells:

 Your Spells              Type           Power      Damage    Failure   Level
a - Shock                 Conj/Air       92%        1d8       3%          1
b - Scorch                Fire           46%        2d7       5%          2
c - Corpse Rot            Necr/Air       46%        N/A       5%          2
Your spell library was empty.

Dungeon Overview and Level Annotations

Branches:
Dungeon (3/15)

Altars:

Shops:
D:2 *


Innate Abilities, Weirdness & Mutations

You are immune to sickness and miasma.
You are immune to poison.
Your flesh is very heat resistant. (rF++)
You are vulnerable to cold. (rC-)
You float through the air rather than walking.
You learn spells naturally, not from books.
Your magical power is your life essence.
You have superior vitality. (+4 MHP)
You are somewhat resistant to further mutation.
You are resistant to electric shocks. (rElec)
Your muscles are strong. (Str +2)


Message History

The gnoll hits you with a +0 club!
You fly downwards.
The dart slug bites you.
* * * LOW HITPOINT WARNING * * *
Found a metallic sapphire potion.
There is a stone staircase leading up here.
Casting: Scorch (safe; 6% risk of failure)
Confirm with . or Enter, or press ? or * to list all spells.
Flames lash the gnoll.
The gnoll is almost dead.
The gnoll's fire resistance burns away.
* * * LOW HITPOINT WARNING * * *
The dart slug bites you.
* * * LOW HITPOINT WARNING * * *
The gnoll misses you.
Casting: Scorch (safe; 6% risk of failure)
Confirm with . or Enter, or press ? or * to list all spells.
Flames lash the gnoll.
The gnoll is burned terribly!
You kill the gnoll!
* * * LOW HITPOINT WARNING * * *
A bullfrog skeleton comes into view.
The dart slug launches a dart at you. The slug dart misses you.
Casting: Scorch (safe; 5% risk of failure)
Confirm with . or Enter, or press ? or * to list all spells.
Flames lash the dart slug.
The dart slug is heavily wounded.
The dart slug's fire resistance burns away.
* * * LOW HITPOINT WARNING * * *
Casting: Scorch (safe; 5% risk of failure)
Confirm with . or Enter, or press ? or * to list all spells.
Flames lash the dart slug.
The dart slug is burned terribly!
You kill the dart slug!
* * * LOW HITPOINT WARNING * * *
It was a potion of mutation.
You feel extremely strange.
You feel insulated.
You feel stronger.
You feel genetically stable.
It was a potion of brilliance.
You feel clever all of a sudden.
The bullfrog skeleton barely misses you.
The bullfrog skeleton hits you.
You die...

#.#.. #.#.# #
#.#.#.#
#.#.#.# ###
###...#.#....
#..!......#
#....Z)...###
#....@.......
#........####
#........#
#........#
#........#
#........#
#........#
#####.#+##


You could see a bullfrog skeleton.

Vanquished Creatures
  A hound (D:3)
  An adder (D:3)
  A gnoll (D:3)
  2 worms (D:2)
  A dart slug (D:3)
  An orc (D:3)
  3 ball pythons
  3 endoplasms
  3 giant cockroaches
  2 goblins (D:1)
  8 hobgoblins (D:1)
  6 jackals (D:1)
  6 quokkas
  9 bats
  2 frilled lizards (D:1)
  6 kobolds
  4 rats
59 creatures vanquished.

Notes
Turn   | Place    | Note
-------+----------+-------------------------------------------
     0 | D:1      | freelancePsychic the Djinni Cinder Acolyte began the quest
                  | for the Orb.
     0 | D:1      | Reached XP level 1. HP: 20/20 MP: 0/0
    41 | D:1      | Reached XP level 2. HP: 19/25 MP: 0/0
   284 | D:1      | Reached skill level 1 in Dodging
   292 | D:1      | Reached XP level 3. HP: 7/30 MP: 0/0
   292 | D:1      | Learned a level 1 spell: Shock
  1684 | D:2      | You are sucked into a shaft and drop 1 floor!
  1687 | D:3      | Reached XP level 4. HP: 26/35 MP: 0/0
  2082 | D:2      | Reached XP level 5. HP: 39/41 MP: 0/0
  2082 | D:2      | Learned a level 2 spell: Corpse Rot
  2281 | D:2      | Found a faded altar of an unknown god.
  2292 | D:2      | Found Iwuawnun's Assorted Antiques.
  2299 | D:2      | Bought a scroll labelled EDOENNAGUM for 25 gold pieces
  2631 | D:3      | Gained mutation: You are resistant to electric shocks.
                  | (rElec) [potion of mutation]
  2631 | D:3      | Gained mutation: Your muscles are strong. (Str +2) [potion
                  | of mutation]
  2631 | D:3      | Gained mutation: You are somewhat resistant to further
                  | mutation. [potion of mutation]
  2632 | D:3      | Slain by a bullfrog skeleton

Illustrated notes

Levels and vault maps discovered:
D:1:      erik_arrival_orb_chamber, layout_loops_cross
D:2:      minmay_chambers_of_twos, layout_loops_ring, serial_shops,
          nicolae_shop_waterfront, basic_altar, basic_ecumenical_altar
D:3:      layout_basic, nemelex_dance_club_becter, serial_shops, shop

Skill      XL: |  1  2  3  4 |
---------------+-------------+-----
Dodging        | 1 2 |  2.2
Spellcasting   | 3 |  3.4
Fighting       | |  3.7
Short Blades   | |  2.6

Action                   |  1- 3 |  4- 6 || total
-------------------------+-------+-------++-------
Melee: Short sword       |    25 |       ||    25
 Cast: Scorch            |    42 |    32 ||    74
       Corpse Rot        |       |     1 ||     1
  Use: Potion            |       |     2 ||     2
Armor: Robe              |    11 |     2 ||    13
Dodge: Dodged            |    21 |     8 ||    29
